 Dungeon Crawl Stone Soup version 0.18-a0-1718-g40ea4b6 (webtiles) character file.

12 M4edhros the Magician (level 2, 0/17 HPs)
             Began as an Octopode Wanderer on Apr 8, 2016.
             Slain by a bat (1 damage)
             ... on level 1 of the Dungeon.
             The game lasted 00:00:50 (624 turns).

M4edhros the Magician (Octopode Wanderer)            Turns: 624, Time: 00:00:51

Health: 0/17       AC:  1    Str: 13    XL:     2   Next: 33%
Magic:  8/8        EV:  8    Int: 13    God:
Gold:   40         SH:  7    Dex: 10    Spells: 0 memorised, 11 levels left

rFire  . . .     SeeInvis .     d - +0 club
rCold  . . .     Gourm    .     a - +0 shield
rNeg   . . .     Faith    .     (helmet restricted)
rPois  .         Spirit   .     (no amulet)
rElec  .         Dismiss  .     g - ring of resist corrosion
rCorr  +         Reflect  .     (no ring)
SustAt .         Harm     .     (no ring)
MR     .....                    (no ring)
Stlth  +++.......               (no ring)
                                (no ring)
                                (no ring)
                                (no ring)

@: not resistant to hostile enchantments, fairly stealthy
A: almost no armour, amphibious, 8 rings, constrict 8, camouflage 1, gelatinous
body 1
a: no special abilities


You were on level 1 of the Dungeon.
You were not hungry.

You visited 1 branch of the dungeon, and saw 1 of its levels.

You collected 40 gold pieces.

Inventory:

Hand Weapons
 d - a +0 club (weapon)
Armour
 a - a +0 shield (worn)
Jewellery
 g - a ring of resist corrosion (left tentacle)
Books
 b - the Disquisition on Orientation

   Spells                             Type                      Level
   a - Apportation                    Translocation                1
   b - Teleport Other                 Translocation                3
 c - Carghiug's Incunabulum of Evil

   Spells                             Type                      Level
   a - Animate Skeleton               Necromancy                   1
   b - Vampiric Draining              Necromancy                   3
Comestibles
 f - a bread ration
 i - 2 chunks of flesh


   Skills:
 - Level 1.0 Throwing
 + Level 2.2 Shields
 - Level 5.0 Spellcasting
   Level 1.0 Charms
   Level 1.0 Summonings
   Level 1.0 Ice Magic


You had 11 spell levels left.
You didn't know any spells.

Dungeon Overview and Level Annotations

Branches:
Dungeon (1/15)

Altars:


Innate Abilities, Weirdness & Mutations

You cannot wear most types of armour.
You are amphibious.
You can wear up to eight rings at the same time.
You can use your tentacles to constrict eight enemies at once.
Your skin changes colour to match your surroundings (Stealth).
Your rubbery body absorbs attacks (AC +1).


Message History

You barely miss the bat. Your grab misses the bat. You block the bat's attack.
The goblin hits you with a club.
* * * LOW HITPOINT WARNING * * *
The bat closely misses you. The bat hits you.
* * * LOW HITPOINT WARNING * * *
The bat hits you but does no damage. The bat closely misses you.
You block the bat's attack.
Found 19 arrows.
You are too injured to fight recklessly!
You are too injured to fight recklessly!
You barely miss the bat. Your grab misses the bat. The bat closely misses you.
The bat hits you.
* * * LOW HITPOINT WARNING * * *
The bat hits you.
* * * LOW HITPOINT WARNING * * *
You miss the bat. Your grab misses the bat. Your squeeze misses the bat.
The bat barely misses you. The bat hits you.
You die...

#?#....#≈##...
#.#.#
#....###≈≈#≈#
#[#.#
##...#≈≈≈≈≈≈# #.#
#..#≈≈#≈≈#≈## #
#.#
#..#≈≈≈≈≈≈≈≈#.#
#[#
#..#≈≈#≈≈≈#≈≈.##
#.g##≈≈≈≈≈≈# ..##
#...≈≈≈≈#≈≈#.....
#...###b@##≈..#
##.. ##≈≈.(..#
#............#
##############


You could see a goblin and a bat.

Vanquished Creatures
  2 dart slugs (D:1)
  2 giant cockroaches (D:1)
  A goblin (D:1)
  A hobgoblin (D:1)
  2 rats (D:1)
8 creatures vanquished.

Notes
Turn   | Place    | Note
--------------------------------------------------------------
     0 | D:1      | M4edhros the Octopode Wanderer began the quest for the Orb.
     0 | D:1      | M4edhros set off with: a +0 shield, the Disquisition on Orientation, Carghiug's Incunabulum of Evil, a +0 club, a bread ration
     0 | D:1      | Reached XP level 1. HP: 11/11 MP: 6/6
     0 | D:1      | Identified the Disquisition on Orientation
     0 | D:1      | Identified Carghiug's Incunabulum of Evil
   536 | D:1      | Reached XP level 2. HP: 17/17 MP: 8/8
   624 | D:1      | Slain by a bat

Vault maps used:
D:1:      shiori_arrival_oz, minmay_tree_intersection, serial_park_tiny_pond,
          minivault_4

Skill      XL: |  1 |
---------------+----+-----
Shields        | 2 |  2.2
Throwing       | |  1.0
Spellcasting   | |  5.0
Charms         | |  1.0
Summonings     | |  1.0
Ice Magic      | |  1.0

Action                   || total
-------------------------++-------
Melee: Club              ||    21
  Use: Scroll            ||     2
 Stab: Sleeping          ||     1
